Map: Paladino Terminal LE

Players

HeLt

  • Race: Terran Terran
  • League: Master
  • Spawn Location: 9:00

YamatoSC - Winner!

  • Race: Zerg Zerg
  • League: Diamond
  • Spawn Location: 5:00

VOD

Have the link to the VOD?

Description

Time

  • Played on: March 20, 2017, 8:29 a.m.
  • Length: 12:13
Show
View Real Time Build Order
Export as new Build Order

HeLt Terran 

Build Orders: Hellion Banshee, MMM Bio 

Get SALT Encoding   

  12  0:00  SCV  
  13  0:13  SCV  
  14  0:18  Supply Depot  
  14  0:25  SCV  
  15  0:29  Refinery  
  15  0:40  SCV  
  16  0:52  Barracks, SCV  
  17  1:04  SCV  
  18  1:18  SCV  
  19  1:39  Orbital Command  
  20  1:40  Reaper  
  20  1:54  Command Center  
  20  2:05  SCV  
  21  2:08  Factory  
  21  2:12  Barracks Reactor  
  21  2:18  SCV  
  22  2:23  Supply Depot  
  22  2:28  Refinery  
  22  2:30  SCV  
  23  2:44  SCV  
  24  2:56  Starport, SCV  
  25  3:01  Hellion  
  25  3:02  Hellion  
  29  3:16  Barracks Tech Lab  
  29  3:20  Orbital Command  
  29  3:22  Hellion  
  29  3:23  Hellion  
  29  3:26  SCV  
  34  3:38  SCV  
  35  3:43  Hellion  
  35  3:44  Hellion  
  35  3:47  SCV, Supply Depot  
  40  3:54  Banshee  
  43  3:57  Cloaking Field  
  43  4:01  SCV  
  44  4:04  SCV  
  45  4:13  SCV  
  45  4:14  Armory  
  46  4:19  SCV  
  46  4:22  Hellion  
  46  4:23  Supply Depot  
  49  4:24  Hellion  
  49  4:27  SCV  
  49  4:31  SCV  
  53  4:38  Supply Depot  
  53  4:39  SCV  
  53  4:44  Banshee, SCV  
  58  4:51  SCV  
  57  5:05  Hellion x2  
  61  5:07  Supply Depot  
  61  5:12  SCV  
  61  5:13  Barracks Tech Lab  
  62  5:16  SCV  
  63  5:30  Command Center  
  63  5:32  SCV  
  64  5:37  Hellion x8  
  64  5:42  Factory  
  64  5:43  Barracks  
  64  5:46  SCV  
  65  5:59  Hellion x2  
  65  6:01  Banshee, Marauder  
  68  6:06  SCV  
  65  6:15  SCV  
  65  6:16  Stimpack  
  65  6:19  SCV  
  65  6:23  Marauder  
  67  6:27  SCV  
  64  6:38  Factory Tech Lab, Barracks Tech Lab  
  64  6:41  SCV  
  64  6:45  Raven  
  67  6:49  Marauder  
  67  6:52  SCV  
  70  6:57  Supply Depot  
  70  7:08  Widow Mine  
  70  7:11  SCV, Widow Mine  
  52  7:23  Marine  
  52  7:25  Siege Tank  
  52  7:26  SCV  
  52  7:28  Factory  
  57  7:30  Barracks  
  57  7:31  Barracks, Refinery x2  
  55  7:39  Marine  
  55  7:41  Marine  
  57  7:47  Bunker x2, Widow Mine x2  
  57  7:49  Banshee  
  64  7:54  SCV  
  64  7:56  Marine  
  66  7:59  Marine  
  62  8:14  Marine  
  62  8:17  Siege Tank, Marine  
  64  8:23  Barracks Reactor x2  
  64  8:26  Barracks x2  
  64  8:28  SCV  
  64  8:30  Factory Tech Lab  
  64  8:32  Marine  
  66  8:34  Marine  
  65  8:45  Hellion x2  
  67  8:50  Marine  
  67  8:52  Marine  
  51  9:06  Marine  
  51  9:08  Marine  
  37  9:10  Marine  
  37  9:12  Marine x3  
  35  9:21  Marine x2  
  35  9:24  Marine  
  35  9:25  SCV, Marine  
  35  9:28  Combat Shields, Marine  
  35  9:31  Command Center  
  39  9:32  SCV  
  39  9:37  Raven  
  42  9:43  SCV  
  42  9:45  SCV  
  36  9:57  Siege Tank  
  36  9:59  SCV  
  39  10:05  Siege Tank  
  42  10:09  SCV  
  42  10:13  Widow Mine  
  45  10:15  Widow Mine  
  47  10:23  Barracks Tech Lab x2  
  47  10:24  SCV  
  47  10:26  SCV  
  49  10:34  Siege Tank  
  52  10:37  SCV  
  52  10:42  Marine x2  
  55  10:51  Medivac x2  
  55  10:55  SCV  
  56  11:05  Orbital Command  
  56  11:06  Marine  
  56  11:07  Marine  
  56  11:09  SCV  
  56  11:10  SCV  
  60  11:13  Marine  
  61  11:19  Siege Tank  
  61  11:23  Marine x2  
  66  11:29  Siege Tank  
  65  11:42  Marine  
  61  11:48  Marine x6  
Show
View Real Time Build Order
Export as new Build Order

YamatoSC Zerg - Winner!

Build Orders: Hatch First 

Get SALT Encoding   

  12  0:01  Drone  
  13  0:13  Overlord  
  13  0:18  Drone  
  14  0:31  Drone x2  
  16  0:36  Drone  
  17  0:54  Hatchery  
  16  0:57  Drone  
  16  1:00  Drone  
  18  1:11  Extractor  
  18  1:16  Spawning Pool  
  16  1:19  Drone  
  16  1:22  Drone  
  18  1:29  Drone  
  19  1:40  Overlord  
  19  2:04  Queen  
  21  2:14  Queen  
  23  2:15  Zergling x2  
  23  2:16  Zergling x6  
  23  2:21  Drone  
  28  2:23  Metabolic Boost  
  28  2:27  Drone  
  29  2:40  Drone  
  29  2:41  Drone x2  
  31  2:49  Drone  
  31  2:50  Drone  
  33  3:00  Drone x2  
  35  3:13  Drone  
  35  3:15  Overlord  
  36  3:22  Roach Warren  
  36  3:24  Overlord  
  35  3:27  Extractor  
  35  3:30  Extractor, Drone x3  
  35  3:33  Drone x3  
  39  3:34  Drone  
  40  3:47  Drone x2  
  42  4:02  Drone x6  
  48  4:03  Overlord  
  48  4:09  Drone  
  49  4:14  Drone  
  49  4:16  Overlord  
  50  4:25  Roach  
  50  4:26  Roach x2  
  56  4:32  Roach x2  
  56  4:33  Overlord x2  
  60  4:41  Roach x3  
  66  4:47  Lair  
  65  4:56  Spore Crawler  
  65  4:58  Spore Crawler  
  65  4:59  Roach x4  
  68  5:00  Queen  
  70  5:12  Roach x2  
  70  5:13  Roach x3  
  78  5:45  Overseer  
  70  6:08  Queen x2  
  74  6:16  Hydralisk Den  
  59  6:40  Glial Reconstitution  
  59  6:44  Hydralisk x12  
  83  7:06  Overlord x2  
  75  7:22  Roach x6  
  83  7:31  Extractor  
  83  7:35  Roach x4  
  90  7:48  Ravager x2, Hatchery  
  91  8:16  Ravager  
  91  8:17  Ravager x7  
  99  8:21  Overlord x3  
  99  8:22  Zergling x2  
  99  8:26  Overseer  
  95  8:54  Zergling x2  
  95  8:55  Zergling x12  
  80  9:09  Zergling x2  
  70  9:10  Zergling x2  
  54  9:28  Roach x8  
  70  9:34  Drone  
  71  9:39  Muscular Augments  
  71  9:49  Drone  
  71  9:52  Drone  
  68  9:53  Drone x6  
  68  9:56  Hydralisk  
  68  9:57  Queen  
  74  10:08  Hydralisk x3  
  80  10:17  Hydralisk x4  
  88  10:28  Hydralisk  
  88  10:29  Overlord x3, Hydralisk x3  
  88  10:31  Nydus Network  
  88  10:32  Overlord x2  
  95  10:37  Spore Crawler  
  94  10:48  Overlord  
  94  10:49  Overlord x6  
  94  11:07  Roach x6  
  94  11:08  Roach  
  108  11:13  Nydus Canal  
  108  11:15  Overseer  
  108  11:17  Hydralisk x6  
  120  11:23  Extractor, Drone x3  
  120  11:24  Extractor, Drone x2  
  109  11:48  Roach x3  
  109  11:49  Roach x11  
Tags
 
Add a new tag
Caveats
  • Supply blocks, unpowered buildings, or Contaminate may cause inaccurate times.
  • Supply counts are checked every 10 seconds.